 Dungeon Crawl Stone Soup version 0.27-a0-1347-gd8886f0a89 (webtiles) character file.

Game seed: 14980896430534013497

10133 Zonian the Destroyer (level 11, -5/82 (83) HPs)
             Began as a Gnoll Conjurer on June 27, 2021.
             Was a Plaything of Xom.
             Killed from afar by Josephine (6 damage)
             ... with a ghostly fireball
             ... on level 10 of the Dungeon on June 28, 2021.
             The game lasted 00:40:01 (16932 turns).

Zonian the Destroyer (Gnoll Conjurer)              Turns: 16932, Time: 00:40:02

HP:   -5/82 (83)    AC:  8    Str: 11    XL:     11   Next: 57%
MP:   2/32          EV: 32    Int: 20    God:    Xom [......]
Gold: 305           SH:  0    Dex: 18    Spells: 9/26 levels left

rFire    + + .     SeeInvis +   N - +5 short sword (chaos)
rCold    + . .     Faith    .   (no shield)
rNeg     + . .     Spirit   .   n - +0 robe of the Soft Sparrow {+Blink rF+ SInv}
rPois    .         Reflect  .   O - +0 helmet of Boiling Hail {Str+4 Dex+5}
rElec    .         Harm     .   I - scarf {rC+ rF+}
rCorr    .         Rampage  .   G - +0 pair of gloves of Precision Catastrophes {Will+ Stlth+}
Will     +....                  A - +1 pair of boots
Stlth    ++++++....             g - amulet of the acrobat
HPRegen  0.23/turn              y - ring of positive energy
MPRegen  0.23/turn              D - ring of magical power

@: acrobatic, slowed, lightly drained, very slow
A: fangs 1, strong nose, distributed training, talons 1, thin skeletal structure
1, see invisible, shaggy fur 1
a: Renounce Religion, Evoke Blink


You were on level 10 of the Dungeon.
You worshipped Xom.
You were a very special plaything of Xom.
You visited 1 branch of the dungeon, and saw 10 of its levels.
You also visited: Bailey.

You collected 653 gold pieces.
You spent 348 gold pieces at shops.

Inventory:

Hand Weapons
 e - a +0 short sword of flaming
 p - a +0 trident of protection
 v - a +0 vorpal spear
 E - a +3 scimitar of holy wrath
 H - the +6 quarterstaff "Pioleu" {vorpal, *Corrode Will+++ Int-3 Dex+8}
   (You found it on level 7 of the Dungeon)

   It inflicts extra damage upon your enemies.
   Int:       It affects your intelligence (-3).
   Dex:       It affects your dexterity (+8).
   *Corrode:  It may corrode you when you take damage.
   Will:      It greatly increases your willpower.
 K - a +4 hand axe
 M - a +0 great sword of chaos
 N - a +5 short sword of chaos (weapon)
 P - a +0 hunting sling
 V - a +3 scimitar
Missiles
 d - 8 curare-tipped darts
 f - 46 sling bullets
 C - 59 poisoned darts
 J - 29 boomerangs
 X - 23 stones
Armour
 a - a +0 robe
 j - +0 acid dragon scales
 n - the +0 robe of the Soft Sparrow (worn) {+Blink rF+ SInv}
   (You bought it in a shop on level 5 of the Dungeon)

   rF:        It protects you from fire.
   SInv:      It lets you see invisible.
   +Blink:    It lets you blink.
 q - a +0 helmet of see invisible
 u - a scarf of harm
 x - a +0 leather armour
 z - a +2 pair of gloves of archery
 A - a +1 pair of boots (worn)
 G - the +0 pair of gloves of Precision Catastrophes (worn) {Will+ Stlth+}
   (You acquired it on level 10 of the Dungeon)

   Will:      It increases your willpower.
   Stlth:     It makes you more stealthy.
 I - a scarf of resistance (worn)
 O - the +0 helmet of Boiling Hail (worn) {Str+4 Dex+5}
   (You found it on level 8 of the Dungeon)

   Str:       It affects your strength (+4).
   Dex:       It affects your dexterity (+5).
 S - a +1 robe of cold resistance
 T - a +3 leather armour
Magical Staves
 b - a staff of cold
 U - a staff of cold
Jewellery
 c - a ring of flight
 g - an amulet of the acrobat (around neck)
 r - a ring of fire
 y - a ring of positive energy (left hand)
 D - a ring of magical power (right hand)
Wands
 h - a wand of charming (3)
 s - a wand of digging (14)
 B - a wand of paralysis (14)
 L - a wand of polymorph (3)
 Q - a wand of flame (18)
Scrolls
 m - 3 scrolls of teleportation
 t - 2 scrolls of amnesia
Potions
 i - 2 potions of resistance
 k - 4 potions of lignification
 l - 2 potions of ambrosia
 o - a potion of brilliance
 w - 2 potions of attraction
 F - a potion of flight
 R - a potion of might


   Skills:
 + Level 6.4 Fighting
 + Level 6.4 Short Blades
 + Level 6.4 Long Blades
 + Level 6.4 Axes
 + Level 6.4 Maces & Flails
 + Level 6.4 Polearms
 + Level 6.4 Staves
 + Level 6.4 Slings
 + Level 6.4 Bows
 + Level 6.4 Crossbows
 + Level 6.4 Throwing
 + Level 6.4 Armour
 + Level 8.0 Dodging
 + Level 7.7 Stealth
 + Level 6.4 Shields
 + Level 6.4 Unarmed Combat
 + Level 8.2 Spellcasting
 + Level 9.0 Conjurations
 + Level 5.3 Hexes
 + Level 5.3 Summonings
 + Level 5.3 Necromancy
 + Level 5.3 Translocations
 + Level 5.3 Transmutations
 + Level 5.3 Fire Magic
 + Level 5.3 Ice Magic
 + Level 5.3 Air Magic
 + Level 5.3 Earth Magic
 + Level 5.3 Poison Magic
 + Level 7.0 Invocations
 + Level 6.4 Evocations


You had 9 spell levels left.
You knew the following spells:

 Your Spells              Type           Power      Damage    Failure   Level
a - Magic Dart            Conj           100%       1d8       1%          1
b - Searing Ray           Conj           88%        3d6       1%          2
c - Iskenderun's Mystic   Conj/Tloc      37%        2d9       4%          4
d - Dazzling Flash        Conj/Hex       74%        N/A       1%          3
e - Vampiric Draining     Necr           14%        2d8       2%          3
f - Fulminant Prism       Conj/Hex       18%        3d11      4%          4

Your spell library contained the following spells:

 Spells                   Type           Power      Damage    Failure   Level
 Animate Skeleton         Necr           58%        N/A       1%          1
 Corona                   Hex            32%        N/A       1%          1
 Pain                     Necr           100%       1d9       1%          1
 Slow                     Hex            29%        N/A       1%          2
 Gell's Gravitas          Tloc           14%        N/A       2%          3
 Inner Flame              Hex/Fire       29%        N/A       2%          3
 Portal Projectile        Hex/Tloc       58%        N/A       2%          3
 Animate Dead             Necr           14%        N/A       10%         4
 Cause Fear               Hex            14%        N/A       10%         4
 Leda's Liquefaction      Hex/Erth       14%        N/A       10%         4
 Passage of Golubria      Tloc           N/A        N/A       10%         4
 Agony                    Necr           29%        N/A       26%         5
 Manifold Assault         Tloc           29%        N/A       26%         5
 Dispersal                Tloc           14%        N/A       82%         6
 Disjunction              Tloc           14%        N/A       100%        8


Dungeon Overview and Level Annotations

Branches:
Dungeon (10/15)            Temple (0/1) D:6            Lair (0/6) D:8
    Orc (0/2) D:10         Bailey (visited)

Altars:
Elyvilon
Nemelex Xobeh
Okawaru
Qazlal
Ru
Sif Muna
Trog
Vehumet
Wu Jian
Xom

Shops:
D:2 **   D:5 [

Annotations:
D:3 2 transporters, zarzak's ghost, weakling DgFi
D:10 Josephine


Innate Abilities, Weirdness & Mutations

You have very sharp teeth.
Your uncanny sense of smell can sniff out nearby items.
Your experience applies equally to all skills.
You have sharp toenails.
You have a somewhat thin skeletal structure. (Dex +2, Stealth+)
You have supernaturally acute eyesight. (SInv)
You are covered in fur. (AC +1)


Message History

The wraith is severely damaged.
The wraith is knocked back by the mystic blast.
The wraith closely misses you. The wraith misses you.
Unknown command.
Okay, then.
Unknown command.
Okay, then.
Aiming: Throw Flame
Press: ? - help, Shift-Dir - straight line, f - Josephine
Aim: Josephine, wielding a +1 dagger of holy wrath and wearing a +1 robe of the Archmagi (heavily wounded, 74% to hit)
The puff of flame hits Josephine!
Josephine is heavily wounded.
The wraith misses you. The wraith completely misses you.
You completely miss Josephine.
Josephine is heavily wounded.
Josephine hits you with a +1 dagger of holy wrath.
The wraith barely misses you. The wraith hits you!
* * * LOW HITPOINT WARNING * * *
Josephine hits you with a +1 dagger of holy wrath.
* * * LOW HITPOINT WARNING * * *
You feel better. The wraith completely misses you. The wraith hits you!
* * * LOW HITPOINT WARNING * * *
The wraith drains your vigour!
You feel as though you will be slow longer.
Josephine hits you but does no damage. The wraith barely misses you.
The wraith hits you!
* * * LOW HITPOINT WARNING * * *
Xom thinks this is hilarious!
The wraith drains your vigour!
You feel as though you will be slow longer.
Your magical contamination has completely faded away.
Okay, then.
Okay, then.
Okay, then.
Okay, then.
Josephine points at you and mumbles some strange words.
The ghostly flame explodes!
The ghostly fireball engulfs you. You partially resist.
You feel drained.
You die...
Xom is highly amused!

*,****,+,,,,* *,,,*,,,,,,,####
*,****,*,,,,* *<.....,,,,,,,,,
*,,....#,,,,* *......*****,**,
#......###**#####......*,,,*,**,
#........,,,,..........*,,,*,**,
#.......#****#.........+,,,*,,,,
#...##..# #.........*,,,*####
#...##..# #.........*,<,,#...
#...##..# #.@.......*,,,,#...
#.......######.)@......*,,,,#...
#............†WW.......*****#...
#......############....,,,,##...
#......+..........+,...,,,,#....
#.####.#..........#,,..,,,,#....
#.####.#..........#,,,.,,*,#....
#......#...#......#,,,,,,*,#....
#.................#,,,,,,*,#....


You could see Josephine and 2 wraiths.

Vanquished Creatures
  An orc warlord (Bailey)
  Fannar (D:10)
  A centaur zombie (D:10)
  Joseph (D:9)
  Maggie (D:7)
  A troll (D:9)
  A hornet (D:8)
  Prince Ribbit (D:6)
  6 yaks (D:9)
  2 wraiths (D:10)
  Eustachio (D:4)
  2 wyverns (D:7)
  Grum (D:10)
  Duvessa (D:7)
  An ice beast (D:7)
  5 orc warriors
  A sky beast (D:6)
  A black bear (D:4)
  2 ogres (D:5)
  4 necrophages
  3 wolves (D:10)
  A boggart (D:3)
  7 centaurs
  2 phantoms (D:6)
  4 bullfrogs
  2 gnoll sergeants
  6 scorpions
  A wyvern zombie (D:6)
  Dowan (D:7)
  5 killer bees (D:9)
  8 wights
  5 howler monkeys
  4 hounds
  3 jellies
  2 orc priests
  2 centaur skeletons (D:5)
  Terence (D:3)
  2 iguanas
  Ijyb (D:3)
  2 orc wizards
  A killer bee zombie (D:5)
  A hound zombie (D:5)
  Robin (D:3)
  7 adders
  10 gnolls
  A shadow imp (D:8)
  3 white imps
  A worm (D:2)
  2 dart slugs (D:1)
  11 orcs
  6 endoplasms
  2 giant cockroaches
  23 goblins
  12 hobgoblins
  3 jackals (D:2)
  4 quokkas
  5 ball pythons
  6 bats
  2 frilled lizards
  A jackal skeleton (D:4)
  22 kobolds
  8 rats
229 creatures vanquished.

Vanquished Creatures (collateral kills)
  A steam dragon (D:10)
  A scorpion (D:7)
2 creatures vanquished.

Vanquished Creatures (others)
  A komodo dragon (D:10)
  2 fulminant prisms (Bailey)
  7 fungi (D:8)
  10 plants (D:8)
20 creatures vanquished.

Grand Total: 251 creatures vanquished

Notes
Turn   | Place    | Note
-------+----------+-------------------------------------------
     0 | D:1      | Zonian the Gnoll Conjurer began the quest for the Orb.
     0 | D:1      | Reached XP level 1. HP: 13/13 MP: 6/6
     0 | D:1      | Noticed a gargoyle
     1 | D:1      | Noticed a djinni
     2 | D:1      | Noticed an octopode
     4 | D:1      | Noticed a human
     7 | D:1      | Noticed a spriggan
     9 | D:1      | Noticed a spriggan
    11 | D:1      | Noticed a vine stalker
    11 | D:1      | Noticed a vampire
    13 | D:1      | Noticed a troll
    13 | D:1      | Noticed an octopode
    15 | D:1      | Noticed a palentonga
    15 | D:1      | Noticed a palentonga
    17 | D:1      | Noticed a ghoul
    17 | D:1      | Noticed a demigod
    19 | D:1      | Noticed a felid
    21 | D:1      | Noticed a gargoyle
   310 | D:1      | Reached XP level 2. HP: 19/19 MP: 3/7
   318 | D:1      | Learned a level 2 spell: Searing Ray
   715 | D:1      | Found a faded altar of an unknown god.
   730 | D:1      | Became a worshipper of Xom of Chaos
  1294 | D:1      | XOM: silly message
  1367 | D:1      | Reached XP level 3. HP: 25/25 MP: 6/9
  1408 | D:1      | XOM: give mutations
  1408 | D:1      | Gained mutation: You have a somewhat thin skeletal
                  | structure. (Dex +2, Stealth+) [Xom's mischief]
  1408 | D:1      | Gained mutation: You occasionally shout uncontrollably at
                  | your foes. [Xom's mischief]
  1497 | D:2      | Reached skill level 5 in Spellcasting
  1706 | D:2      | Reached skill level 1 in Invocations
  1771 | D:2      | XOM: smoke on damage
  1984 | D:2      | Reached skill level 1 in Fighting
  1984 | D:2      | Reached skill level 1 in Short Blades
  1984 | D:2      | Reached skill level 1 in Long Blades
  1984 | D:2      | Reached skill level 1 in Axes
  1984 | D:2      | Reached skill level 1 in Maces & Flails
  1984 | D:2      | Reached skill level 1 in Polearms
  1984 | D:2      | Reached skill level 1 in Staves
  1984 | D:2      | Reached skill level 1 in Slings
  1984 | D:2      | Reached skill level 1 in Bows
  1984 | D:2      | Reached skill level 1 in Crossbows
  1984 | D:2      | Reached skill level 1 in Throwing
  1984 | D:2      | Reached skill level 1 in Armour
  1984 | D:2      | Reached skill level 1 in Shields
  1984 | D:2      | Reached skill level 1 in Unarmed Combat
  1984 | D:2      | Reached skill level 1 in Evocations
  2013 | D:2      | Noticed a scorpion
  2016 | D:2      | a scorpion changed into a gnoll
  2016 | D:2      | XOM: polymorph scorpion -> gnoll
  2019 | D:2      | Reached XP level 4. HP: 32/32 MP: 4/11
  2086 | D:2      | XOM: give mutations
  2086 | D:2      | Lost mutation: You occasionally shout uncontrollably at
                  | your foes. [Xom's mischief]
  2086 | D:2      | Gained mutation: You are weak. (Str -2) [Xom's mischief]
  2322 | D:2      | Found Ograveex's Assorted Antiques.
  2333 | D:2      | Bought a cyan potion for 18 gold pieces
  2333 | D:2      | Bought a fizzy green potion for 18 gold pieces
  2333 | D:2      | Bought a scroll labelled RAGAYCU RILIM for 20 gold pieces
  2333 | D:2      | Bought an emerald potion for 18 gold pieces
  2443 | D:2      | Found Guontute's General Store.
  2535 | D:3      | Found a white marble altar of Elyvilon.
  2536 | D:3      | Noticed a scorpion
  2549 | D:3      | Noticed Ijyb
  2554 | D:3      | Killed a scorpion
  2555 | D:3      | Reached skill level 1 in Hexes
  2555 | D:3      | Reached skill level 1 in Summonings
  2555 | D:3      | Reached skill level 1 in Necromancy
  2555 | D:3      | Reached skill level 1 in Translocations
  2555 | D:3      | Reached skill level 1 in Transmutations
  2555 | D:3      | Reached skill level 1 in Fire Magic
  2555 | D:3      | Reached skill level 1 in Ice Magic
  2555 | D:3      | Reached skill level 1 in Air Magic
  2555 | D:3      | Reached skill level 1 in Earth Magic
  2555 | D:3      | Reached skill level 1 in Poison Magic
  2555 | D:3      | Reached XP level 5. HP: 32/37 MP: 6/12
  2772 | D:3      | Noticed zarzak's ghost (weakling DgFi)
  2865 | D:3      | Found a transporter.
  2882 | D:3      | Found a transporter.
  2926 | D:3      | Noticed Terence
  2932 | D:3      | Killed Terence
  3086 | D:3      | Noticed a boggart
  3086 | D:3      | a worm changed into a boggart
  3086 | D:3      | XOM: polymorph worm -> boggart
  3088 | D:3      | Killed a boggart
  3089 | D:3      | Reached XP level 6. HP: 44/44 MP: 7/13
  3119 | D:3      | Killed Ijyb
  3133 | D:3      | XOM: cloud trail
  3473 | D:3      | Noticed Robin
  3480 | D:3      | Killed Robin
  3481 | D:3      | Reached skill level 5 in Dodging
  3647 | D:3      | Found a shimmering blue altar of Sif Muna.
  3647 | D:3      | XOM: 4-stop teleportation journey
  3892 | D:3      | XOM: give mutations
  3892 | D:3      | Gained mutation: You have supernaturally acute eyesight.
                  | (SInv) [Xom's grace]
  3892 | D:3      | Gained mutation: You have sharp toenails. [Xom's grace]
  3957 | D:3      | Found a sacrificial altar of Ru.
  4280 | D:4      | XOM: 10-stop teleportation journey
  4316 | D:4      | Noticed Eustachio
  4323 | D:4      | XOM: enchant monster (good)
  4325 | D:4      | Killed Eustachio
  4326 | D:4      | Reached XP level 7. HP: 50/50 MP: 7/15
  4345 | D:4      | XOM: cloud trail
  4431 | D:4      | XOM: 3-stop teleportation journey
  4548 | D:4      | Found a radiant altar of Vehumet.
  4819 | D:5      | Entered Level 5 of the Dungeon
  4884 | D:5      | Found Cief Ciub's Antique Armour Shop.
  4884 | D:5      | XOM: 1-stop teleportation journey
  5029 | D:5      | Learned a level 4 spell: Iskenderun's Mystic Blast
  5036 | D:5      | XOM: potion effect (brilliance)
  5043 | D:5      | Reached skill level 5 in Stealth
  5127 | D:5      | XOM: destruction
  5184 | D:5      | Reached XP level 8. HP: 22/57 MP: 8/16
  5540 | D:5      | XOM: confuse monster(s)
  5749 | D:5      | XOM: confusion (+ monsters)
  5791 | D:5      | XOM: enchant monster (good)
  6127 | D:5      | XOM: cloud trail
  6169 | D:5      | XOM: 2-stop teleportation journey
  6327 | D:5      | XOM: god gift: 22 gold pieces
  6547 | D:5      | Bought a distressingly furry robe for 96 gold pieces
  6547 | D:5      | Identified the +0 robe of the Soft Sparrow {+Blink rF+
                  | SInv} (You bought it in a shop on level 5 of the Dungeon)
  6628 | D:5      | XOM: god gift: leather armour {god gift}
  6932 | D:5      | XOM: god gift: +2 pair of gloves of archery
  7386 | D:6      | Noticed Prince Ribbit
  7538 | D:6      | XOM: scenery: create altars
  7665 | D:6      | Killed Prince Ribbit
  8039 | D:6      | XOM: give mutations
  8039 | D:6      | Gained mutation: Your mind is acute. (Int +2) [Xom's grace]
  8039 | D:6      | Gained mutation: You are covered in fur. (AC +1) [Xom's
                  | grace]
  8039 | D:6      | Lost mutation: You are weak. (Str -2) [Xom's grace]
  8051 | D:6      | Found a staircase to the Ecumenical Temple.
  8161 | D:6      | Reached XP level 9. HP: 61/65 MP: 11/18
  8449 | D:6      | XOM is BORED!
  8449 | D:6      | XOM: summons 5 hostile demons
  8805 | D:6      | XOM: scenery: summon butterflies
  8856 | D:6      | XOM: 3-stop teleportation journey
  8944 | D:6      | Found a bloodstained altar of Trog.
  8944 | D:6      | Found an ornate altar of the Wu Jian Council.
  9491 | D:6      | XOM: summons 5 hostile demons
  9849 | D:7      | Reached skill level 8 in Conjurations
  9863 | D:7      | XOM: smoke on damage
  9899 | D:7      | XOM: scenery: 2 doors open
  9911 | D:7      | XOM: summons 9 friendly demons
 10056 | D:7      | XOM: scenery: 1 doors open
 10205 | D:7      | XOM: enchant monster (good)
 10211 | D:7      | XOM: potion effect (haste)
 10363 | D:7      | XOM: 1-stop teleportation journey
 10379 | D:7      | XOM: potion effect (might)
 10380 | D:7      | XOM: god gift: 23 gold pieces
 10597 | D:2      | Bought a potion of curing for 39 gold pieces
 10597 | D:2      | Bought a scroll of teleportation for 39 gold pieces
 10646 | D:2      | Bought a twisted garnet ring for 100 gold pieces
 10668 | D:2      | XOM: noise
 11007 | D:7      | Paralysed by a gnoll sergeant for 5 turns
 11011 | D:7      | Found a sparkling altar of Nemelex Xobeh.
 11011 | D:7      | XOM: 4-stop teleportation journey
 11165 | D:7      | Reached skill level 5 in Invocations
 11206 | D:7      | Noticed Duvessa
 11206 | D:7      | Noticed Dowan
 11254 | D:7      | Paralysed by a gnoll sergeant for 7 turns
 11381 | D:7      | Identified the +6 quarterstaff "Pioleu" {vorpal, *Corrode
                  | Will+++ Int-3 Dex+8}
 11682 | D:7      | Killed Duvessa
 11727 | D:7      | XOM: scenery: 2 doors close
 11879 | D:7      | Noticed Maggie
 11889 | D:7      | Killed Maggie
 11890 | D:7      | Reached XP level 10. HP: 62/73 MP: 20/20
 12065 | D:7      | Killed Dowan
 12224 | D:8      | XOM: noise
 12242 | D:8      | Reached skill level 5 in Fighting
 12242 | D:8      | Reached skill level 5 in Short Blades
 12242 | D:8      | Reached skill level 5 in Long Blades
 12242 | D:8      | Reached skill level 5 in Axes
 12242 | D:8      | Reached skill level 5 in Maces & Flails
 12242 | D:8      | Reached skill level 5 in Polearms
 12242 | D:8      | Reached skill level 5 in Staves
 12242 | D:8      | Reached skill level 5 in Slings
 12242 | D:8      | Reached skill level 5 in Bows
 12242 | D:8      | Reached skill level 5 in Crossbows
 12242 | D:8      | Reached skill level 5 in Throwing
 12242 | D:8      | Reached skill level 5 in Armour
 12242 | D:8      | Reached skill level 5 in Shields
 12242 | D:8      | Reached skill level 5 in Unarmed Combat
 12242 | D:8      | Reached skill level 5 in Evocations
 12337 | D:8      | XOM: noise
 12559 | D:8      | XOM: smoke on damage
 12870 | D:8      | XOM: cloud trail
 12991 | D:8      | XOM: give mutation
 12991 | D:8      | Lost mutation: Your mind is acute. (Int +2) [Xom's
                  | mischief]
 13041 | D:8      | XOM: chaos upgrade
 13042 | D:8      | XOM is BORED!
 13042 | D:8      | XOM: chaos upgrade
 13157 | D:8      | Found a stormy altar of Qazlal.
 13408 | D:8      | Identified the +0 helmet of Boiling Hail {Str+4 Dex+5}
 13440 | D:8      | Found a staircase to the Lair.
 13659 | D:9      | XOM: divination: detect creatures
 13688 | D:9      | XOM: divination: magic mapping
 13724 | D:9      | XOM: 1-stop teleportation journey
 13820 | D:8      | XOM: divination: magic mapping
 14004 | D:9      | XOM: silly message
 14022 | D:9      | XOM: silly message
 14087 | D:9      | XOM: silly message
 14450 | D:9      | XOM: silly message
 14804 | D:9      | Noticed Joseph
 14812 | D:9      | XOM: cast spell 'Olgreb's Toxic Radiance'
 14814 | D:9      | XOM: summons friendly iron imp
 14820 | D:9      | Killed Joseph
 14931 | D:10     | Entered Level 10 of the Dungeon
 15031 | D:10     | Reached XP level 11. HP: 51/81 MP: 22/22
 15084 | D:10     | Found a staircase to the Orcish Mines.
 15105 | D:10     | Found an iron altar of Okawaru.
 15135 | D:10     | Found a flagged portal.
 15144 | D:10     | Learned a level 3 spell: Dazzling Flash
 15147 | D:10     | Noticed Fannar
 15148 | D:10     | Learned a level 3 spell: Vampiric Draining
 15153 | D:10     | Learned a level 4 spell: Fulminant Prism
 15156 | Bailey   | Entered a bailey
 15219 | Bailey   | Noticed an orc warlord
 15326 | Bailey   | XOM: polymorph giant cockroach -> endoplasm
 15945 | Bailey   | Found a runed translucent gate.
 15946 | Bailey   | Found a runed translucent gate.
 15947 | Bailey   | Found a runed translucent gate.
 16163 | Bailey   | XOM: enchant monster (good)
 16198 | Bailey   | Killed an orc warlord
 16199 | Bailey   | Reached skill level 5 in Hexes
 16199 | Bailey   | Reached skill level 5 in Summonings
 16199 | Bailey   | Reached skill level 5 in Necromancy
 16199 | Bailey   | Reached skill level 5 in Translocations
 16199 | Bailey   | Reached skill level 5 in Transmutations
 16199 | Bailey   | Reached skill level 5 in Fire Magic
 16199 | Bailey   | Reached skill level 5 in Ice Magic
 16199 | Bailey   | Reached skill level 5 in Air Magic
 16199 | Bailey   | Reached skill level 5 in Earth Magic
 16199 | Bailey   | Reached skill level 5 in Poison Magic
 16306 | D:10     | XOM: silly message
 16347 | D:10     | Killed Fannar
 16427 | D:10     | Identified 2 scrolls of acquirement
 16427 | D:10     | Acquired a book of the Warp
 16429 | D:10     | Acquired the +0 pair of gloves of Precision Catastrophes
                  | {Will+ Stlth+}
 16628 | D:10     | XOM: summons 7 friendly demons
 16819 | D:10     | XOM: cloud trail
 16869 | D:10     | XOM: god gift: 23 stones
 16904 | D:10     | Noticed Grum
 16910 | D:10     | Noticed Josephine
 16914 | D:10     | Reached skill level 9 in Conjurations
 16919 | D:10     | Killed Grum
 16931 | D:10     | HP: 1/83 [wraith[Josephine] (11)]
 16932 | D:10     | Killed from afar by Josephine

Illustrated notes

Levels and vault maps discovered:
D:1:      shiori_arrival_whats_in_store_for_you, layout_basic,
          ebering_ecumenical_altar_box, chequers_serial_rivers_small_a,
          minmay_misc_feat_encased, dk_noncrumbling_4
D:2:      layout_rooms, serial_shops, nicolae_shop_stone, shop, kennysheep_nub,
          minmay_heptomino_o4
D:3:      layout_loops_ring, led_sif_pool, nicolae_ru_path_of_blood,
          elyvilon_altar_3, gammafunk_ghost_stat_death, uniq_ijyb, uniq_terence,
          uniq_robin
D:4:      layout_cave_pools, vehumet_crystals, moated_statue, uniq_eustachio
D:5:      layout_basic, serial_shops, shop
D:6:      minmay_inner_zag, layout_loops_ring, gammafunk_temple_overflow_wave,
          temple_fountains, uniq_prince_ribbit1
D:7:      layout_gridville, lemuel_round_altar, minmay_misc_feat_roman,
          uniq_maggie, uniq_duvessa
D:8:      layout_cave_pools, kennysheep_mini, grunt_lair_entry_orc_guard_hut
D:9:      layout_basic, uniq_joseph
D:10:     layout_stronghold, okawaru_ov_weapons_minmay, orc_0_dummy,
          enter_bailey_3, serial_park_tiny_2, minmay_fractal_squares_5,
          uniq_grum, uniq_fannar, uniq_josephine

Skill      XL: |  1  2  3  4  5  6  7  8  9 10 11 |
---------------+----------------------------------+-----
Spellcasting   | 5 6 7 8 |  8.2
Invocations    | 1 2 3 4 5 6 7 |  7.0
Fighting       | 1 2 3 4 5 6 |  6.4
Short Blades   | 1 2 3 4 5 6 |  6.4
Long Blades    | 1 2 3 4 5 6 |  6.4
Axes           | 1 2 3 4 5 6 |  6.4
Maces & Flails | 1 2 3 4 5 6 |  6.4
Polearms       | 1 2 3 4 5 6 |  6.4
Staves         | 1 2 3 4 5 6 |  6.4
Slings         | 1 2 3 4 5 6 |  6.4
Bows           | 1 2 3 4 5 6 |  6.4
Crossbows      | 1 2 3 4 5 6 |  6.4
Throwing       | 1 2 3 4 5 6 |  6.4
Armour         | 1 2 3 4 5 6 |  6.4
Shields        | 1 2 3 4 5 6 |  6.4
Unarmed Combat | 1 2 3 4 5 6 |  6.4
Evocations     | 1 2 3 4 5 6 |  6.4
Hexes          | 1 2 3 4 5 |  5.3
Summonings     | 1 2 3 4 5 |  5.3
Necromancy     | 1 2 3 4 5 |  5.3
Translocations | 1 2 3 4 5 |  5.3
Transmutations | 1 2 3 4 5 |  5.3
Fire Magic     | 1 2 3 4 5 |  5.3
Ice Magic      | 1 2 3 4 5 |  5.3
Air Magic      | 1 2 3 4 5 |  5.3
Earth Magic    | 1 2 3 4 5 |  5.3
Poison Magic   | 1 2 3 4 5 |  5.3
Dodging        | 5 6 7 8 |  8.0
Stealth        | 5 6 7 |  7.7
Conjurations   | 8 9 |  9.0

Action                   |  1- 3 |  4- 6 |  7- 9 | 10-12 || total
-------------------------+-------+-------+-------+-------++-------
Melee: Short sword       |    11 |    53 |   122 |   157 ||   343
       Bite              |     1 |     1 |     6 |    21 ||    29
       Kick              |       |     2 |    27 |     2 ||    31
       Punch             |       |       |       |     4 ||     4
       Unarmed           |       |       |       |     2 ||     2
 Cast: Magic Dart        |    76 |    53 |   152 |   113 ||   394
       Searing Ray       |     1 |     8 |    34 |    19 ||    62
       Iskenderun's Myst |       |       |     5 |    28 ||    33
       Fulminant Prism   |       |       |       |     2 ||     2
       Dazzling Flash    |       |       |       |     1 ||     1
Evoke: Wand              |       |       |     4 |    10 ||    14
  Use: Scroll            |     1 |     6 |     4 |    17 ||    28
       Potion            |       |       |       |     9 ||     9
 Stab: Sleeping          |       |     3 |     7 |     2 ||    12
       Petrified         |       |       |     2 |       ||     2
       Distracted        |       |       |     1 |       ||     1
       Petrifying        |       |       |     1 |       ||     1
       Confused          |       |       |       |     2 ||     2
Armor: Robe              |     1 |     7 |    51 |    66 ||   125
Dodge: Dodged            |     5 |    40 |   126 |   214 ||   385

Table legend: (Time is in decaauts)
 A = Elapsed time spent in this place.
 B = Non-inter-level travel time spent in this place.
 C = Inter-level travel time spent in this place.
 D = Time resting spent in this place.
 E = Time spent auto-exploring this place.
 F = Levels seen in this place.
 G = Mean time per level.
                   A        B        C        D        E       F      G
               +--------+--------+--------+--------+--------+-----+--------+
         Total |  16885 |  16149 |    736 |   6806 |   6983 |  11 | 1535.0 |
       Dungeon |  15764 |  15028 |    736 |   6052 |   6983 |  10 | 1576.4 |
        Bailey |   1121 |   1121 |      0 |    754 |      0 |   1 | 1121.0 |
               +--------+--------+--------+--------+--------+-----+--------+

Top non-repeatable levels by time:
     D:5: 2696 daAuts
     D:6: 2481 daAuts
     D:7: 2067 daAuts
     D:3: 1794 daAuts
     D:1: 1494 daAuts
     D:8: 1369 daAuts
     D:9: 1235 daAuts
     D:2: 1158 daAuts
  Bailey: 1121 daAuts
    D:10: 866 daAuts
     D:4: 600 daAuts
